 Dungeon Crawl Stone Soup version 0.17.0-28-g6e173f8 (webtiles) character file.

96 lucasterio the Digger (level 4, -9/25 HPs)
             Began as a Gargoyle Earth Elementalist on Nov 25, 2015.
             Mangled by Sigmund
             ... wielding a +0 scythe
              (11 damage)
             ... on level 2 of the Dungeon.
             The game lasted 00:08:47 (1517 turns).

lucasterio the Digger (Gargoyle Earth Elementalist) Turns: 1517, Time: 00:08:47

Health: -9/25      AC:  7    Str: 11    XL:     4   Next: 67%
Magic:  3/7        EV: 12    Int: 17    God:
Gold:   63         SH:  0    Dex: 10    Spells: 3 memorised, 2 levels left

rFire  . . .     SeeInvis .     b - 84 stones
rCold  . . .     Clarity  .     a - +0 robe
rNeg   + . .     SustAt   .     (no shield)
rPois  ∞         Gourm    .     (no helmet)
rElec  +         Spirit   .     (no cloak)
rCorr  .         Warding  .     g - +1 pair of gloves
rMut   .         Stasis   .     (no boots)
MR     .....                    (no amulet)
Stlth  +.........               (no ring)
                                (no ring)

@: confused, not resistant to hostile enchantments, very unstealthy
A: negative energy resistance 1, electricity resistance, unbreathing,
petrification resistance, rot immunity, AC +3
a: no special abilities


You were on level 2 of the Dungeon.
You were hungry.

You visited 1 branch of the dungeon, and saw 2 of its levels.

You collected 63 gold pieces.

Inventory:

Hand Weapons
 e - a +0 short sword
 n - a +2 short sword of distortion
 r - a +2 whip of draining
Missiles
 b - 84 stones (in hand)
Armour
 a - a +0 robe (worn)
 g - a +1 pair of gloves (worn)
Jewellery
 p - a +6 ring of protection {unknown}
Scrolls
 k - a scroll of identify {unknown}
 l - 5 scrolls of remove curse {unknown}
 m - 2 scrolls of noise {unknown}
 o - a scroll of teleportation {unknown}
Potions
 j - 2 potions of agility {unknown}
 q - a potion of lignification {unknown}
Books
 c - a book of Geomancy

   Spells                             Type                      Level
   a - Sandblast                      Earth                        1
   b - Stoneskin                      Transmutation/Earth          2
   c - Passwall                       Transmutation/Earth          3
   d - Stone Arrow                    Conjuration/Earth            3
   e - Petrify                        Transmutation/Earth          4
   f - Lee's Rapid Deconstruction     Earth                        5
Comestibles
 d - 3 bread rations
 f - a chunk of flesh
 h - 2 meat rations
 i - a beef jerky


   Skills:
 + Level 1.5 Fighting
 + Level 1.9 Dodging
 - Level 2.1 Stealth
 + Level 2.5 Spellcasting
 * Level 1.6 Conjurations
 - Level 0.7 Transmutations
 + Level 4.7 Earth Magic


You had 2 spell levels left.
You knew the following spells:

 Your Spells              Type           Power        Failure   Level  Hunger
a - Sandblast             Erth           ###...       2%          1    #......
b - Stoneskin             Trmt/Erth      ##......     12%         2    ##.....
c - Stone Arrow           Conj/Erth      ##....       17%         3    ###....


Dungeon Overview and Level Annotations

Branches:
Dungeon (2/15)

Altars:

Annotations:
D:2 Sigmund


Innate Abilities, Weirdness & Mutations

You are resistant to torment.
Your stone body is resilient (AC +3).
You are immune to poison.
You resist negative energy.
You are resistant to electric shocks.
You can survive without breathing.
You are immune to petrification.
You are immune to rotting.


Message History

You're too confused to move!
You feel less confused.
You hear some strange, mumbled words.
You are confused.
A puff of flame appears from out of thin air!
The puff of flame hits you!
You bump into the rock wall.
Something hits you!
* * * LOW HITPOINT WARNING * * *
You bump into the rock wall.
You bump into the rock wall.
You feel less confused. Something hits you.
* * * LOW HITPOINT WARNING * * *
You hear some strange, mumbled words.
You are confused.
You bump into the rock wall.
You're too confused to cast spells.
You're too confused!
You bump into the rock wall.
Something hits you!
You die...

##.##### #....###.# .......#
##.......# .....#.#
####........# # .###.#.#
#.......#.### ######## .#
#.>.# #.##.#.#.## #.......
.###...# # #.#.#.# #.######
...÷...# ##. #.#{#.# #...
..#.......#.##.#.#.# #.###...
.#.##..##....#.#@#.# #.#.....
.#.##..##.###..#.#.# #.#.#...
.........# #...#.# #.#.#...
.###.##..# #.....# #.#.####
.###.###.## ##...#.## #.#.#
.##.......###..#....######.#.#
.##..###>....#.#.............#
.##..# ##.####.##...######.###
.##..####.# #.###.........#


There were no monsters in sight!

Vanquished Creatures
  Jessica (D:2)
  3 adders (D:2)
  A giant gecko (D:1)
  6 bats
  6 goblins
  3 hobgoblins (D:1)
  5 jackals (D:2)
  2 giant cockroaches (D:1)
  4 giant newts (D:1)
  4 kobolds
  A quokka (D:2)
  8 rats
44 creatures vanquished.

Notes
Turn   | Place    | Note
--------------------------------------------------------------
     0 | D:1      | lucasterio the Gargoyle Earth Elementalist began the quest for the Orb.
     0 | D:1      | Reached XP level 1. HP: 10/10 MP: 3/3
   127 | D:1      | Reached skill level 4 in Earth Magic
   137 | D:1      | Reached XP level 2. HP: 12/15 MP: 5/5
   257 | D:1      | Learned a level 2 spell: Stoneskin
   598 | D:1      | Reached skill level 1 in Fighting
   598 | D:1      | Reached XP level 3. HP: 17/20 MP: 6/6
   603 | D:1      | Learned a level 3 spell: Stone Arrow
   930 | D:2      | Noticed Jessica
   937 | D:2      | Killed Jessica
   937 | D:2      | Reached skill level 1 in Conjurations
   939 | D:2      | Reached XP level 4. HP: 22/25 MP: 0/7
  1421 | D:2      | Noticed Sigmund
  1506 | D:2      | HP: 1/25 [something (1)]
  1517 | D:2      | Mangled by Sigmund

Action                   |  1- 3 |  4- 6 || total
-------------------------+-------+-------++-------
Melee: Short sword       |    92 |    20 ||   112
 Cast: Sandblast         |    10 |    18 ||    28
       Stone Arrow       |     1 |     3 ||     4
 Stab: Sleeping          |     4 |       ||     4
  Eat: Chunk             |       |     2 ||     2
